Map: Invader LE

Players

Goblins

  • Race: Terran Terran
  • League: Diamond

CaiShen - Winner!

  • Race: Zerg Zerg
  • League: Diamond

VOD

Have the link to the VOD?

Description

Time

  • Played on: May 7, 2016, 9:49 a.m.
  • Length: 23:17
Show
View Real Time Build Order
Export as new Build Order

Goblins Terran 

Build Orders: Reaper Expand, MMM Bio 

Get SALT Encoding   

  12  0:01  SCV  
  13  0:13  SCV  
  14  0:17  Supply Depot  
  14  0:25  SCV  
  15  0:41  SCV  
  16  0:43  Barracks  
  16  0:46  Refinery  
  16  0:53  SCV  
  17  1:05  SCV  
  18  1:17  SCV  
  19  1:29  Reaper  
  19  1:30  Orbital Command  
  20  1:42  Command Center  
  20  1:56  SCV  
  21  2:03  Marine  
  21  2:04  Supply Depot  
  21  2:07  Factory  
  21  2:08  SCV  
  23  2:14  Refinery  
  23  2:26  SCV  
  24  2:30  Barracks Reactor  
  24  2:38  SCV  
  25  2:50  SCV  
  26  2:55  Starport  
  26  2:58  Orbital Command  
  26  3:02  SCV  
  27  3:14  SCV  
  27  3:19  Orbital Command  
  28  3:23  Widow Mine x2  
  28  3:26  SCV  
  33  3:31  Barracks Tech Lab  
  33  3:32  Medivac  
  35  3:42  SCV  
  35  3:45  SCV  
  37  3:51  Marine, Stimpack  
  37  3:52  Hellion  
  37  3:53  Hellion  
  37  3:54  SCV  
  43  3:57  SCV  
  44  4:06  SCV, Supply Depot, Starport Tech Lab  
  44  4:07  Supply Depot  
  44  4:09  SCV  
  46  4:17  Marine  
  46  4:26  Bunker  
  46  4:27  Supply Depot  
  46  4:28  SCV x2  
  48  4:36  Widow Mine, Marine  
  48  4:37  Widow Mine, Cloaking Field  
  48  4:38  Banshee  
  56  4:40  SCV x2  
  58  4:57  Marine  
  59  5:05  Command Center, Barracks  
  59  5:06  Barracks  
  53  5:15  Widow Mine x2  
  53  5:27  Marine  
  53  5:28  Banshee  
  42  5:34  Orbital Command  
  42  5:39  Command Center  
  42  5:40  Command Center  
  42  5:41  Engineering Bay, Barracks  
  42  5:42  Barracks  
  42  6:02  SCV x2  
  44  6:14  SCV  
  45  6:22  Marine  
  45  6:23  Orbital Command  
  45  6:25  Hellion  
  46  6:26  Banshee  
  45  6:38  Barracks Reactor x2  
  42  6:40  Marine  
  42  6:41  Missile Turret  
  43  6:49  SCV x2  
  45  7:01  Orbital Command  
  45  7:06  Orbital Command  
  45  7:16  Marine x4  
  45  7:18  Marine  
  45  7:21  Orbital Command  
  40  7:39  Marine x5  
  45  7:47  SCV  
  45  7:48  SCV x3  
  49  7:59  SCV  
  49  8:00  Marine x4  
  49  8:05  Terran Infantry Weapons Level 1  
  54  8:11  Engineering Bay  
  54  8:15  Armory  
  54  8:19  Combat Shields  
  54  8:21  SCV x2  
  54  8:23  SCV  
  51  8:38  Marine x5  
  51  8:50  SCV x4  
  51  8:52  Medivac x2  
  59  8:56  Marine x4  
  59  9:02  SCV x4  
  67  9:03  Missile Turret  
  67  9:06  Terran Infantry Armor Level 1  
  67  9:10  Terran Vehicle Weapons Level 1  
  67  9:14  SCV x3  
  70  9:18  Missile Turret  
  70  9:21  Missile Turret  
  70  9:24  Missile Turret  
  67  9:38  Refinery  
  67  9:39  Refinery  
  67  9:41  Supply Depot x2  
  67  9:42  Supply Depot x2  
  67  9:44  Medivac x2, Siege Tank  
  74  9:52  SCV x2  
  76  9:59  Liberator x2  
  76  10:02  Marine x5  
  76  10:03  SCV x2  
  76  10:04  SCV  
  84  10:20  Marine x3  
  93  10:28  Missile Turret x2  
  93  10:30  Marine  
  93  10:31  Siege Tank, Marine  
  93  10:32  Orbital Command  
  98  10:47  Liberator  
  98  10:50  Marauder, Marine x4  
  98  10:51  Missile Turret  
  98  10:52  Missile Turret  
  98  10:54  Terran Infantry Weapons Level 2, Missile Turret, Refinery x2  
  107  11:11  SCV  
  108  11:26  Supply Depot  
  108  11:29  Supply Depot  
  108  11:30  Supply Depot  
  108  11:32  Marauder, Siege Tank, SCV, Marine  
  115  11:51  Sensor Tower  
  115  11:54  Barracks  
  115  11:55  Barracks  
  115  11:58  Medivac x2  
  119  12:04  Terran Infantry Armor Level 2  
  119  12:07  SCV  
  120  12:19  Sensor Tower  
  120  12:23  Missile Turret x2  
  120  12:24  Marauder  
  120  12:26  Siege Tank  
  120  12:29  Marine  
  126  12:30  Marine  
  127  12:37  Marine x2  
  127  12:38  Medivac  
  127  12:40  Medivac  
  133  12:50  Barracks Tech Lab x2  
  133  13:04  Missile Turret  
  133  13:07  Missile Turret x2  
  133  13:09  Siege Tank  
  133  13:10  Marauder x2  
  140  13:15  Orbital Command  
  140  13:16  Starport  
  140  13:22  Factory  
  140  13:25  Marauder  
  142  13:30  Supply Depot x2  
  142  13:35  Supply Depot  
  142  13:42  SCV x3  
  145  13:52  Terran Infantry Weapons Level 3  
  145  13:59  Liberator x2  
  145  14:12  Marauder  
  145  14:13  Factory Tech Lab, Marauder x2  
  145  14:16  Starport Reactor  
  157  14:18  Marine x2  
  157  14:19  Marine  
  160  14:29  Widow Mine  
  162  14:31  Drilling Claws  
  162  14:33  Widow Mine  
  162  14:37  Liberator  
  164  14:42  Supply Depot  
  164  14:43  SCV x4, Supply Depot x2  
  168  14:47  Supply Depot  
  168  14:50  Supply Depot  
  171  15:09  Liberator  
  171  15:24  Siege Tank x2  
  177  15:42  Missile Turret  
  177  15:44  Missile Turret, Refinery  
  177  15:45  Refinery  
  176  15:56  Siege Tank x2  
  182  15:58  Marauder x3, Marine x3  
  191  16:04  Liberator x2  
  191  16:16  Terran Vehicle Weapons Level 2  
  191  16:18  Terran Infantry Armor Level 3  
  191  16:19  Marauder  
  199  16:49  Liberator x2  
  160  16:54  Marauder x3, Marine x4  
  166  17:04  Siege Tank x2  
  178  17:12  Marine x4  
  178  17:15  Marine x2  
  184  17:19  Liberator  
  184  17:30  Marine x3  
  184  17:31  Marauder  
  184  17:33  Marauder x2  
  184  17:36  Siege Tank x2  
  199  17:49  Marine x4  
  177  17:52  Marauder  
  177  17:55  Marauder x2  
  145  18:11  Marine x4  
  146  18:12  Siege Tank  
  146  18:13  Siege Tank  
  146  18:14  Marauder  
  146  18:16  Marauder x2  
  153  18:29  Marine x4  
  153  18:32  Terran Ship Weapons Level 1  
  157  18:45  Command Center  
  157  18:53  Liberator x4  
  110  19:03  Marauder x3, Marine x4  
  110  19:04  Siege Tank x2  
  128  19:20  Marine  
  128  19:21  Marine  
  119  19:24  Marine x4  
  119  19:26  Marauder  
  125  19:36  Siege Tank x2  
  131  19:38  Marine x2  
  131  19:42  Marauder  
  131  19:43  Marauder  
  137  19:47  Marine x2  
  137  19:48  Marauder, Barracks  
  137  19:50  Barracks  
  141  19:56  Marine  
  142  20:04  Marauder  
  144  20:08  Siege Tank x2  
  144  20:13  Missile Turret  
  150  20:17  Planetary Fortress  
  150  20:19  Missile Turret  
  150  20:32  Missile Turret  
  150  20:33  Marauder x3, Marine x4  
  150  20:34  Missile Turret  
  150  20:35  Missile Turret x2  
  160  20:36  Missile Turret  
  160  20:37  Missile Turret  
  160  20:38  Missile Turret  
  160  20:40  Siege Tank  
  163  20:51  Marine  
  163  20:54  Marauder, Terran Ship Weapons Level 2  
  166  21:10  Marine x3  
  166  21:11  Marauder x2, Marine  
  172  21:16  Marauder  
  143  21:28  Marine x4  
  143  21:30  Siege Tank  
  143  21:31  Medivac x4, Siege Tank  
  143  21:32  Marine  
  151  21:33  Marauder  
  151  21:37  Marauder  
  154  21:46  Liberator x2  
  154  21:48  Liberator  
  154  22:00  Marine x4, Marauder x3  
  170  22:21  Marauder  
  134  22:32  Marauder x2  
  134  22:34  Marine x4  
  134  22:35  Siege Tank x2  
  110  22:43  Marauder  
  103  22:53  Marauder x2  
Show
View Real Time Build Order
Export as new Build Order

CaiShen Zerg - Winner!

Build Orders: Pool First, Muta Ling Bane, Zergling Baneling 

Get SALT Encoding   

  12  0:01  Drone  
  13  0:10  Drone  
  14  0:17  Overlord  
  14  0:21  Extractor  
  14  0:24  Drone  
  15  0:36  Drone x2  
  17  0:45  Drone  
  18  0:51  Spawning Pool  
  18  0:56  Drone  
  18  1:07  Drone  
  19  1:17  Hatchery  
  18  1:18  Drone  
  19  1:30  Drone  
  20  1:41  Hatchery  
  20  1:44  Extractor  
  18  1:47  Overlord  
  18  1:53  Drone  
  19  2:01  Queen  
  21  2:05  Zergling x2  
  22  2:15  Drone  
  23  2:22  Drone  
  24  2:29  Drone, Queen  
  25  2:32  Drone  
  28  2:42  Queen  
  29  2:45  Zergling x2  
  30  2:56  Metabolic Boost  
  30  2:58  Drone  
  30  2:59  Drone x3  
  30  3:04  Drone x2  
  36  3:08  Drone x2  
  38  3:16  Drone, Extractor  
  38  3:22  Drone x2  
  38  3:23  Drone x2  
  42  3:28  Baneling Nest  
  42  3:29  Overlord  
  42  3:34  Overlord  
  41  3:43  Overlord  
  41  3:49  Zergling x12  
  41  3:50  Zergling x2  
  48  3:58  Zergling x4  
  48  3:59  Zergling x6  
  48  4:02  Zergling x2  
  54  4:03  Zergling x2  
  54  4:04  Zergling x2  
  54  4:08  Overlord  
  56  4:12  Zergling x6  
  59  4:18  Zergling x2  
  59  4:22  Overlord  
  59  4:23  Zergling x4  
  62  4:27  Zergling x8  
  66  4:31  Zergling x4  
  66  4:33  Zergling x2  
  66  4:37  Baneling  
  66  4:38  Baneling x6  
  69  4:39  Baneling  
  69  4:40  Baneling x2  
  69  4:50  Spore Crawler  
  60  4:53  Zergling x2  
  60  4:54  Zergling x2  
  61  5:01  Zergling x2  
  61  5:02  Zergling x8  
  57  5:22  Drone x3  
  59  5:28  Extractor  
  59  5:32  Drone x6  
  63  5:39  Spore Crawler  
  61  5:43  Zergling x6  
  61  5:45  Zergling x2  
  65  5:50  Zergling x2  
  65  5:56  Lair  
  66  6:03  Spore Crawler, Drone x4  
  61  6:20  Zergling x16  
  65  6:28  Drone x4  
  65  6:30  Spore Crawler  
  65  6:33  Zergling x4  
  64  6:43  Queen  
  64  6:44  Queen  
  66  6:47  Drone x2  
  66  6:50  Drone  
  66  6:51  Drone  
  70  6:55  Drone x3  
  70  6:57  Overseer  
  73  7:02  Spore Crawler  
  73  7:07  Drone, Spire  
  68  7:30  Drone x5  
  68  7:31  Drone x4  
  68  7:33  Drone x3  
  68  7:34  Extractor  
  68  7:35  Queen  
  81  7:43  Overlord  
  81  7:44  Overlord x3  
  81  7:45  Drone  
  81  7:48  Evolution Chamber  
  81  7:49  Evolution Chamber  
  81  7:50  Drone x2  
  82  7:53  Extractor  
  82  7:55  Overseer  
  82  7:58  Drone  
  82  8:01  Overlord x3, Queen  
  84  8:24  Zerg Ground Armor Level 1  
  84  8:25  Zerg Melee Weapons Level 1  
  84  8:27  Drone x4  
  84  8:28  Drone x3  
  84  8:29  Drone x3  
  89  8:35  Mutalisk  
  89  8:36  Mutalisk x4  
  91  8:42  Zergling x2  
  91  8:43  Zergling x6  
  95  8:49  Extractor, Centrifical Hooks  
  95  8:50  Extractor  
  93  9:03  Drone, Hatchery  
  93  9:05  Drone x2  
  93  9:07  Zergling x2  
  93  9:08  Zergling x12  
  102  9:12  Mutalisk x2  
  106  9:17  Baneling x5  
  106  9:18  Baneling  
  106  9:23  Overseer  
  106  9:30  Baneling x4  
  106  9:31  Baneling x2  
  106  9:33  Drone x5  
  106  9:34  Drone x5  
  116  9:39  Mutalisk, Hatchery  
  117  9:46  Overseer  
  117  9:56  Hatchery  
  116  10:00  Zergling x26  
  116  10:02  Drone x2  
  116  10:03  Drone x2  
  116  10:05  Extractor  
  131  10:07  Extractor  
  131  10:09  Drone  
  132  10:14  Drone x2  
  133  10:24  Zergling x2  
  133  10:25  Zergling x6  
  133  10:26  Baneling  
  133  10:27  Baneling x14  
  137  10:29  Zerg Melee Weapons Level 2  
  137  10:32  Zerg Ground Armor Level 2  
  137  10:36  Mutalisk  
  137  10:37  Extractor x2  
  137  10:41  Drone  
  138  10:45  Baneling x3  
  138  10:47  Zergling x12  
  144  10:52  Zergling x2  
  144  10:53  Zergling x10  
  150  11:06  Overlord x3  
  150  11:07  Overlord x3  
  150  11:08  Zerg Flyer Armor Level 1  
  150  11:15  Overlord  
  150  11:19  Drone x2, Infestation Pit  
  151  11:27  Drone x5  
  151  11:28  Drone x4  
  151  11:31  Drone  
  151  11:32  Spore Crawler, Zergling x2  
  161  11:33  Zergling x12  
  167  11:49  Mutalisk, Corruptor x2  
  167  11:50  Corruptor x3  
  179  11:54  Zergling x2  
  179  11:55  Zergling x12  
  179  11:58  Overseer  
  179  11:59  Pneumatized Carapace  
  186  12:02  Drone x2  
  186  12:05  Drone  
  189  12:30  Hive  
  189  12:35  Drone x2  
  189  12:36  Drone x3  
  194  12:38  Drone x3, Spine Crawler  
  194  12:39  Drone x3, Spine Crawler  
  194  12:40  Spine Crawler  
  194  12:41  Zergling x8, Spine Crawler  
  200  12:45  Overseer  
  197  13:24  Hatchery  
  196  13:40  Drone x4  
  200  13:43  Ultralisk Cavern  
  200  13:44  Zerg Melee Weapons Level 3, Zerg Ground Armor Level 3  
  200  13:45  Adrenal Glands  
  199  13:51  Spine Crawler x2  
  199  13:55  Spine Crawler x2  
  195  14:06  Zergling x2  
  195  14:07  Zergling x8  
  195  14:09  Baneling  
  200  14:10  Baneling x10  
  200  14:51  Spore Crawler  
  199  14:54  Drone  
  199  14:55  Spore Crawler  
  199  14:56  Spore Crawler, Drone x2  
  200  15:04  Chitinous Plating  
  200  15:07  Extractor x2  
  196  15:21  Mutalisk x2  
  196  15:24  Zerg Flyer Armor Level 2  
  196  15:25  Hatchery  
  193  15:39  Ultralisk, Zergling x2  
  193  15:40  Zergling x4  
  198  15:55  Zergling x8  
  198  16:03  Ultralisk x2  
  200  16:18  Pathogen Glands  
  200  16:25  Baneling x4  
  200  16:26  Baneling x6  
  143  16:55  Ultralisk x9  
  143  16:56  Ultralisk, Zergling x4  
  143  16:57  Zergling x4  
  143  16:59  Corruptor  
  200  17:15  Baneling  
  200  17:16  Baneling x11  
  200  17:17  Corruptor  
  178  17:47  Zerg Missile Weapons Level 1  
  178  17:50  Ultralisk  
  178  17:51  Ultralisk x6  
  190  17:53  Ultralisk x2  
  190  17:55  Zergling x6  
  185  17:59  Spore Crawler  
  185  18:01  Spore Crawler  
  185  18:02  Corruptor  
  185  18:03  Corruptor x6  
  191  18:06  Zerg Flyer Armor Level 3  
  191  18:10  Spire  
  184  18:13  Spore Crawler  
  184  18:15  Spore Crawler, Drone x3  
  179  18:24  Ultralisk x2  
  191  18:28  Spore Crawler  
  191  18:31  Spore Crawler  
  191  18:32  Overlord x4  
  191  18:33  Overseer x2  
  189  18:36  Baneling  
  189  18:37  Baneling x5  
  189  19:01  Corruptor x5, Viper x2  
  199  19:02  Corruptor  
  199  19:03  Corruptor x3  
  199  19:13  Extractor x2  
  184  19:35  Corruptor  
  184  19:36  Corruptor x6  
  198  19:47  Drone  
  199  19:59  Zerg Flyer Weapons Level 1  
  199  20:02  Zerg Missile Weapons Level 2  
  199  20:07  Hydralisk Den  
  199  20:09  Roach Warren, Drone  
  199  20:11  Drone  
  199  20:46  Overseer x2  
  199  20:47  Overseer x3  
  199  20:52  Glial Reconstitution  
  199  20:54  Muscular Augments  
  199  21:09  Hatchery  
  198  21:17  Hatchery  
  145  21:32  Ultralisk x7  
  183  21:33  Ultralisk x3, Zergling x2  
  183  21:34  Zergling x6  
  199  21:49  Greater Spire  
  199  21:55  Baneling x6  
  194  22:19  Zergling x8  
  194  22:20  Zergling x2  
  199  22:23  Overlord x3  
  199  22:24  Overseer x2  
  186  22:34  Ultralisk x3, Zergling x4  
  186  22:35  Zergling x18  
  197  22:38  Overlord x3  
Tags
 
Add a new tag
Caveats
  • Supply blocks, unpowered buildings, or Contaminate may cause inaccurate times.
  • Supply counts are checked every 10 seconds.